AoeStats
← MattAtArms

Arabia

507257454Analyzed
1v1 RM · 16d ago on Sep 17, 2026· 21m 53s· 2 players
Game mode
Random Map
Map size
Tiny (2 player)
Population
200
Speed
Normal
Resources
Standard
Victory
Conquest
Starting age
Dark Age
Ending age
Imperial Age
RankedLock teamsTeams togetherTeam positionsShared explorationLock speedFull tech treeHidden civsTurbo modeCheats
Victory
Defeat
🇹🇼 Burgundians · Taiwan
2053
+9
🇬🇧 Slavs · United Kingdom
1889
-9
MattAtArms
5:41 Loom
9:48 Feudal Age
9:49 Man-at-Arms
10:15 Double-Bit Axe
17:08 Fletching
19:23 Gold Mining
19:44 Padded Archer Armor
22:02 Castle Age
20:04 Horse Collar
小蜜蜂
6:43 Loom
8:52 Feudal Age
7:30 Double-Bit Axe
10:02 Horse Collar
20:03 Castle Age
18:07 Gold Mining
18:36 Fletching
18:59 Bow Saw
19:16 Padded Archer Armor
19:42 Heavy Plow
20:04 Crossbowman
20:51 Bodkin Arrow
Connection lost

Rejoining the realm…

Still unreachable

The connection could not be restored.

Session expired

The server has moved on; the page needs a fresh start.